 Dungeon Crawl Stone Soup version 0.22.1-1-ga44c0e56f4 (webtiles) character file.

1868 H0rd4k the Chopper (level 9, 0/65 HPs)
             Began as a Human Artificer on Sept 25, 2018.
             Slain by a hound (6 damage)
             ... on level 6 of the Dungeon on Sept 26, 2018.
             The game lasted 00:24:39 (10843 turns).

H0rd4k the Chopper (Human Artificer)               Turns: 10843, Time: 00:24:40

Health: 0/65       AC:  3    Str: 12    XL:     9   Next: 35%
Magic:  12/12      EV: 13    Int: 15    God:
Gold:   349        SH:  0    Dex: 14    Spells: 8/8 levels left

rFire    . . .     SeeInvis .   F - +0 war axe (flame)
rCold    . . .     Gourm    .   (no shield)
rNeg     . . .     Faith    +   b - +0 leather armour
rPois    .         Spirit   .   (no helmet)
rElec    .         Reflect  .   (no cloak)
rCorr    .         Harm     .   (no gloves)
MR       .....                  (no boots)
Stlth    ++........             w - amulet of faith
HPRegen  0.20/turn              (no ring)
MPRegen  0.13/turn              (no ring)

@: no status effects
A: no striking features
a: no special abilities


You were on level 6 of the Dungeon.
You were not hungry.

You visited 1 branch of the dungeon, and saw 8 of its levels.

You collected 349 gold pieces.

Inventory:

Hand Weapons
 a - a +0 short sword
 n - a +0 hunting sling
 y - a cursed +0 falchion
 E - a +0 long sword
 F - a +0 war axe of flaming (weapon)
 K - a +1 vampiric dagger
 O - a +0 shortbow
Missiles
 v - 113 arrows
 B - 2 tomahawks (quivered)
 L - 2 javelins
Armour
 b - a +0 leather armour (worn)
 h - a +0 buckler
 l - a +0 cloak
 G - a +0 hat
 H - a +0 helmet
 J - a +0 pair of boots
 N - a +1 ring mail of magic resistance
Jewellery
 w - an amulet of faith (around neck)
Wands
 c - a wand of digging (4)
 d - a wand of enslavement (14)
 e - a wand of random effects (3)
Scrolls
 g - a scroll of blinking
 i - a scroll of magic mapping {unknown}
 j - 9 scrolls of identify
 k - 4 scrolls of amnesia {unknown}
 m - 5 scrolls of teleportation {unknown}
 p - 6 scrolls of remove curse {unknown}
 s - 4 scrolls of noise {unknown}
 t - a scroll of fear
 u - 2 scrolls of random uselessness
 A - a scroll of fog {unknown}
 I - a scroll of immolation {unknown}
Potions
 o - a potion of degeneration {unknown}
 q - a potion of brilliance {unknown}
 r - a potion of might {unknown}
 x - a potion of agility {unknown}
 z - 2 potions of heal wounds {unknown}
 D - a potion of invisibility {unknown}
 M - a potion of lignification {unknown}
Comestibles
 f - 6 rations


   Skills:
 + Level 4.1 Fighting
 + Level 3.9 Short Blades
 + Level 5.1 Axes
 * Level 4.3 Throwing
 + Level 3.9 Armour
 + Level 4.2 Dodging
 + Level 3.5 Stealth
 + Level 4.0 Evocations


You had 8 spell levels left.
You didn't know any spells.
Your spell library was empty.

Dungeon Overview and Level Annotations

Branches:
Dungeon (8/15)             Temple (0/1) D:5
   Lair: D:8-11

Altars:
Dithmenos
Elyvilon
Fedhas
Makhleb
Okawaru
Qazlal
Ru
Trog
Uskayaw
Xom
Yredelemnul
Zin
The Shining One

Shops:
D:7 :

Annotations:
D:3 Sigmund
D:4 exclusions: downstairs, ogre, phantom and upstairs
D:5 1 runed door, exclusion: downstairs, Dowan; Duvessa; PeterQ's ghost, novice GnWn
D:7 3 runed doors, Freyura's ghost, novice GnGl


Message History

You slash the kobold! You burn the kobold.
You kill the kobold!
A hound comes into view.
The hound bites you.
* * * LOW HITPOINT WARNING * * *
The hound barks!
You hit the hound but do no damage.
The hound is heavily wounded.
The hound bites you but does no damage. The hound bites you.
* * * LOW HITPOINT WARNING * * *
You hit the hound. You burn the hound.
You kill the hound!
You see here a club.
The hound bites you but does no damage. The hound bites you.
* * * LOW HITPOINT WARNING * * *
There is a stone staircase leading down, spattered with blood here.
You barely miss the hound. The hound bites you.
* * * LOW HITPOINT WARNING * * *
The hound bites you.
You die...

#...†.....######.c #...h..
#..#######........# ....... .
..........####### #......
#########..# ##..... ##.## .#
##.... #..## #..# #####
##..####...# ##.#.)..# #.h@# #
###)# # .. #.# # #...#######.##
# #.....#....### #
###...##...### #
##########....#####..)####### #
#...##.....##........>......##
..........#######............##


You could see a hound.

Vanquished Creatures
  2 ogres
  4 phantoms
  2 centaurs
  A big kobold (D:7)
  Blork the orc (D:5)
  2 scorpions
  2 killer bees (D:7)
  3 howler monkeys
  A centaur zombie (D:5)
  A crimson imp (D:7)
  3 jellies
  A centaur skeleton (D:5)
  4 hounds
  2 iguanas
  2 worker ants
  Natasha (thrice) (D:2)
  2 orc wizards
  2 hound zombies (D:7)
  A hound skeleton (D:7)
  A howler monkey zombie (D:7)
  7 adders
  4 worms
  2 dart slugs
  6 leopard geckos
  19 orcs
  6 giant cockroaches
  A goblin (D:1)
  6 hobgoblins
  4 jackals
  12 kobolds
  3 quokkas
  A ball python (D:5)
  4 bats
  5 frilled lizards
  A quokka skeleton (D:5)
  11 rats
132 creatures vanquished.

Vanquished Creatures (others)
  11 bushes (D:7)
  A plant (D:6)
12 creatures vanquished.

Grand Total: 144 creatures vanquished

Notes
Turn   | Place    | Note
-------+----------+-------------------------------------------
     0 | D:1      | H0rd4k the Human Artificer began the quest for the Orb.
     0 | D:1      | Reached XP level 1. HP: 15/15 MP: 3/3
   370 | D:1      | Reached XP level 2. HP: 13/21 MP: 4/4
   730 | D:1      | Reached XP level 3. HP: 26/26 MP: 5/5
  1141 | D:1      | Reached skill level 1 in Armour
  1542 | D:2      | Reached XP level 4. HP: 32/32 MP: 6/6
  2201 | D:2      | Noticed Natasha
  2214 | D:2      | Killed Natasha
  2540 | D:2      | Reached XP level 5. HP: 35/38 MP: 7/7
  2784 | D:2      | Noticed Natasha
  2786 | D:2      | Killed Natasha
  2821 | D:2      | Noticed Natasha
  2828 | D:2      | Killed Natasha
  3173 | D:3      | Noticed Sigmund
  3209 | D:3      | HP: 1/38 [poisoned by an adder]
  3491 | D:4      | Noticed an ogre
  3604 | D:4      | Noticed a phantom
  4168 | D:4      | Reached XP level 6. HP: 35/44 MP: 8/8
  4675 | D:4      | Found a basalt altar of Yredelemnul.
  4763 | D:4      | Noticed an ogre
  4808 | D:4      | Killed an ogre
  5276 | D:5      | Entered Level 5 of the Dungeon
  5333 | D:5      | Found a staircase to the Ecumenical Temple.
  5603 | D:5      | Noticed Blork the orc
  5623 | D:5      | Reached XP level 7. HP: 36/51 MP: 9/9
  5721 | D:5      | Killed Blork the orc
  5801 | D:5      | Found a runed door.
  5801 | D:5      | Noticed PeterQ's ghost (novice GnWn)
  5810 | D:5      | Noticed Duvessa
  5885 | D:5      | Reached skill level 1 in Throwing
  6329 | D:5      | Reached skill level 1 in Axes
  6548 | D:5      | Noticed Dowan
  6759 | D:5      | HP: 1/51 [phantom (5)]
  7077 | D:5      | Reached XP level 8. HP: 47/57 MP: 11/11
  7610 | D:6      | Found a shadowy altar of Dithmenos.
  7665 | D:6      | Reached skill level 2 in Axes
  8044 | D:6      | HP: 1/58 [poisoned by a water moccasin]
  8458 | D:7      | Found a runed gate.
  8459 | D:7      | Found a runed gate.
  8459 | D:7      | Found a runed gate.
  8460 | D:7      | Noticed Freyura's ghost (novice GnGl)
  8720 | D:7      | Reached skill level 3 in Axes
  8749 | D:7      | HP: 1/58 [killer bee (4)]
  9403 | D:7      | Found Meorunamp's Book Boutique.
 10031 | D:7      | Found a blossoming altar of Fedhas.
 10040 | D:7      | Reached skill level 4 in Axes
 10040 | D:7      | Reached XP level 9. HP: 32/64 MP: 12/12
 10101 | D:7      | Found a white marble altar of Elyvilon.
 10105 | D:7      | Found a hide-covered altar of Uskayaw.
 10106 | D:7      | Found a shimmering altar of Xom.
 10106 | D:7      | Found a glowing silver altar of Zin.
 10106 | D:7      | Found a glowing golden altar of the Shining One.
 10106 | D:7      | Found an iron altar of Okawaru.
 10107 | D:7      | Found a shadowy altar of Dithmenos.
 10108 | D:7      | Found a bloodstained altar of Trog.
 10109 | D:7      | Found a sacrificial altar of Ru.
 10110 | D:7      | Found a stormy altar of Qazlal.
 10111 | D:7      | Found a burning altar of Makhleb.
 10471 | D:8      | Noticed a two-headed ogre
 10477 | D:8      | Noticed a hippogriff
 10668 | D:7      | Reached skill level 5 in Axes
 10843 | D:6      | Slain by a hound

Skill      XL: |  1  2  3  4  5  6  7  8  9 |
---------------+----------------------------+-----
Armour         | 1 2 3 |  3.9
Short Blades   | 2 3 |  3.9
Fighting       | 2 3 4 |  4.1
Dodging        | 3 4 |  4.2
Stealth        | 2 3 |  3.5
Evocations     | 4 |  4.0
Throwing       | 2 3 4 |  4.3
Axes           | 1 4 5 |  5.1

Action                   |  1- 3 |  4- 6 |  7- 9 || total
-------------------------+-------+-------+-------++-------
Melee: Short sword       |   108 |   287 |       ||   395
       War axe           |       |     2 |   310 ||   312
Throw: Tomahawk          |       |    11 |    35 ||    46
Evoke: Wand              |     5 |    18 |     5 ||    28
  Use: Potion            |       |     2 |     3 ||     5
       Scroll            |       |       |     3 ||     3
 Stab: Sleeping          |     2 |     3 |     3 ||     8
       Paralysed         |       |       |     3 ||     3
       Distracted        |       |       |     1 ||     1
  Eat: Chunk             |     2 |    12 |     6 ||    20
       Ration            |       |       |     4 ||     4
Armor: Leather armour    |    28 |    43 |    49 ||   120
Dodge: Dodged            |    58 |   156 |   233 ||   447
